Map: Habitation Station LE (Void)

Players

Fropez - Winner!

  • Race: Protoss Protoss
  • League: Gold
  • Spawn Location: 11:00

EDUARLORD

  • Race: Terran Terran
  • League: Gold
  • Spawn Location: 1:00

VOD

Have the link to the VOD?

Description

Time

  • Played on: Jan. 13, 2017, 12:50 p.m.
  • Length: 12:11
Show
View Real Time Build Order
Export as new Build Order

Fropez Protoss - Winner!

Build Orders:  

Get SALT Encoding   

  12  0:01  Probe (Chrono Boost)  
  13  0:11  Probe (Chrono Boost)  
  14  0:20  Pylon  
  14  0:23  Probe (Chrono Boost)  
  15  0:38  Probe (Chrono Boost)  
  15  0:42  Gateway  
  16  0:49  Probe (Chrono Boost)  
  17  0:51  Assimilator  
  17  0:59  Probe (Chrono Boost)  
  18  1:15  Pylon  
  18  1:25  Probe (Chrono Boost)  
  18  1:32  Cybernetics Core  
  18  1:35  Gateway  
  18  1:37  Pylon  
  18  1:39  Probe (Chrono Boost)  
  19  1:50  Probe (Chrono Boost)  
  20  1:58  Assimilator  
  20  2:00  Probe (Chrono Boost)  
  22  2:16  Probe (Chrono Boost)  
  22  2:19  Adept, Pylon  
  22  2:20  Adept  
  27  2:35  Mothership Core (Chrono Boost)  
  27  2:50  Warp Gate  
  26  2:55  Probe (Chrono Boost)  
  27  3:07  Probe (Chrono Boost)  
  27  3:09  Pylon  
  28  3:19  Twilight Council, Probe (Chrono Boost)  
  29  3:21  Pylon  
  29  3:28  Adept x2  
  29  3:32  Probe (Chrono Boost)  
  34  3:44  Probe (Chrono Boost)  
  35  3:59  Resonating Glaives, Nexus  
  33  4:40  Robotics Facility  
  33  4:45  Pylon  
  33  4:48  Probe (Chrono Boost)  
  33  4:49  Pylon  
  34  4:59  Stalker x2  
  39  5:00  Probe (Chrono Boost)  
  39  5:13  Probe (Chrono Boost)  
  40  5:27  Stalker x2  
  42  5:35  Assimilator  
  42  5:37  Gateway  
  42  5:39  Observer  
  42  5:41  Pylon  
  43  5:47  Probe (Chrono Boost)  
  43  5:48  Probe (Chrono Boost)  
  45  6:13  Stalker x2  
  49  6:22  Probe (Chrono Boost)  
  49  6:23  Probe (Chrono Boost)  
  51  6:30  Gateway x2  
  49  6:33  Gateway  
  49  6:38  Blink  
  49  6:42  Stalker x3  
  49  6:46  Probe (Chrono Boost)  
  57  6:47  Probe (Chrono Boost)  
  57  6:50  Assimilator  
  57  6:56  Probe (Chrono Boost)  
  52  7:28  Adept x3  
  46  7:45  Adept x3  
  42  7:59  Stalker x3  
  42  8:00  Stalker x3  
  50  8:30  Nexus  
  44  8:34  Pylon  
  44  8:36  Adept x2  
  44  8:37  Adept x4  
  52  8:49  Warp Prism  
  54  9:15  Adept x4  
  54  9:16  Adept x2  
  66  9:33  Probe (Chrono Boost)  
  66  9:34  Probe (Chrono Boost)  
  66  9:36  Pylon x2  
  68  9:42  Probe (Chrono Boost)  
  68  9:43  Probe (Chrono Boost)  
  71  9:46  Probe (Chrono Boost)  
  71  9:53  Probe (Chrono Boost)  
  71  9:54  Probe (Chrono Boost)  
  71  9:58  Probe (Chrono Boost)  
  70  10:25  Stalker x5  
  80  10:34  Immortal  
  84  10:39  Dark Shrine  
  72  10:51  Stalker x2  
  72  10:52  Stalker x4  
  84  10:57  Pylon  
  84  10:59  Assimilator  
  84  11:02  Assimilator  
  84  11:08  Forge  
  84  11:09  Forge  
  84  11:12  Gateway  
  84  11:14  Observer  
  84  11:15  Adept  
  84  11:16  Adept x4  
  77  11:34  Stalker  
  79  11:42  Stalker x5  
Show
View Real Time Build Order
Export as new Build Order

EDUARLORD Terran 

Build Orders: Reaper Expand 

Get SALT Encoding   

  12  0:01  SCV  
  13  0:13  SCV  
  14  0:18  Supply Depot  
  14  0:30  Refinery  
  14  0:35  SCV  
  15  0:42  Barracks  
  15  0:48  SCV  
  16  1:00  SCV  
  17  1:12  SCV  
  17  1:16  Engineering Bay  
  18  1:24  SCV  
  19  1:38  Orbital Command  
  19  1:39  Reaper  
  20  2:05  Command Center  
  20  2:10  SCV  
  21  2:16  Refinery  
  21  2:22  Supply Depot  
  21  2:41  Marine  
  22  2:52  SCV  
  22  3:04  SCV  
  23  3:12  Barracks Reactor  
  23  3:16  SCV  
  24  3:21  Bunker  
  24  3:22  Factory  
  24  3:26  Supply Depot  
  25  3:28  SCV  
  25  3:40  SCV  
  24  3:48  Supply Depot  
  22  3:53  Marine x2  
  23  4:10  Factory Tech Lab  
  23  4:11  Marine x2  
  25  4:28  Marine  
  25  4:29  Marine, Siege Tank  
  27  4:47  Marine x2  
  27  4:49  SCV  
  30  5:01  Starport, SCV  
  31  5:13  SCV  
  32  5:21  Marine x2  
  34  5:28  Siege Tank  
  34  5:30  SCV  
  35  5:35  Barracks  
  35  5:38  Barracks  
  35  5:42  SCV  
  36  5:54  SCV  
  37  5:58  Command Center  
  40  6:25  Siege Tank  
  39  6:39  Marine x2  
  39  6:41  Barracks Tech Lab x2  
  39  6:43  Barracks  
  39  6:44  SCV, Barracks  
  40  6:56  SCV  
  40  6:57  Cyclone  
  40  6:59  Medivac  
  46  7:22  Marine x2  
  47  7:23  Marauder x2  
  40  7:38  Cyclone  
  40  7:39  Marine  
  40  7:40  Marine  
  47  7:44  Marauder x2  
  39  8:35  SCV  
  39  8:36  Orbital Command  
  39  8:41  Refinery x2  
  40  8:42  Cyclone  
  40  8:43  Starport Reactor  
  40  8:48  Factory  
  43  8:57  SCV  
  43  9:02  SCV  
  45  9:09  SCV  
  37  9:21  SCV  
  37  9:23  Marine  
  37  9:24  Marine, Marauder  
  40  9:25  Marauder  
  40  9:28  SCV  
  45  9:33  SCV  
  46  9:40  SCV  
  46  9:43  Viking  
  46  9:45  SCV  
  50  9:49  Engineering Bay  
  50  9:50  Engineering Bay  
  50  9:54  Barracks Tech Lab x2  
  40  10:15  Marine x2  
  40  10:16  Marauder  
  43  10:40  Marine x2  
  43  10:41  Marauder x3  
  47  10:43  Marine  
  48  10:55  SCV x2  
  50  10:58  Marine x2  
  50  11:00  Marine  
  50  11:02  Marine x2  
  52  11:25  Marine x2  
  41  11:33  Marine x2  
  42  11:52  Marine x2  
Tags
 
Add a new tag
Caveats
  • Supply blocks, unpowered buildings, or Contaminate may cause inaccurate times.
  • Supply counts are checked every 10 seconds.